 Dungeon Crawl Stone Soup version 0.31-a0-1223-gfd5aef93c1 (webtiles) character file.

Game seed: 5722799506420375136

94 Ivernyr the Shield-Bearer (level 4, -2/37 HPs)
             Began as a Formicid Fighter on Dec 14, 2023.
             Slain by a gnoll
             ... wielding a +0 halberd
              (8 damage)
             ... on level 3 of the Dungeon.
             The game lasted 00:05:40 (1960 turns).

Ivernyr the Shield-Bearer (Formicid Fighter)        Turns: 1960, Time: 00:05:40

Health: -2/37      AC:  9    Str: 23    XL:     4   Next: 94%
Magic:  4/4        EV:  9    Int:  7    God:
Gold:   131        SH:  5    Dex: 13    Spells: 3/3 levels left

rFire   . . .        a - +0 quarterstaff
rCold   . . .        c - +0 buckler
rNeg    . . .        b - +0 scale mail
rPois   .            (helmet unavailable)
rElec   .            (no cloak)
rCorr   .            s - +0 pair of gloves
SInv    +            n - +0 pair of boots
Will    .....        (no amulet) Stlth
                     (no ring)
HPRegen 0.26/turn    (no ring)
MPRegen 0.09/turn

%: no passive effects
@: no status effects
A: permanent stasis, dig shafts and tunnels, antennae 3, four strong arms
a: Dig, Shaft Self


You were on level 3 of the Dungeon.
You visited 1 branch of the dungeon, and saw 3 of its levels.

You collected 131 gold pieces.

Inventory:

Hand Weapons
 a - a +0 quarterstaff (weapon)
Armour
 b - a +0 scale mail (worn)
 c - a +0 buckler (worn)
 n - a +0 pair of boots (worn)
 s - a +0 pair of gloves (worn)
Scrolls
 e - 4 scrolls of identify {unknown}
 j - a scroll of amnesia {unknown}
 k - 2 scrolls of vulnerability {unknown}
 l - a scroll of fog {unknown}
 m - a scroll of poison {unknown}
 o - 2 scrolls of teleportation {unknown}
 p - a scroll of torment {unknown}
 t - 2 scrolls of brand weapon {unknown}
Potions
 d - a potion of might
 f - a potion of heal wounds {unknown}
 g - a potion of haste {unknown}
 h - a potion of ambrosia {unknown}
 i - 2 potions of curing {unknown}
 q - 2 potions of experience {unknown}
 r - a potion of invisibility {unknown}


   Skills:
 + Level 3.9 Fighting
 * Level 3.3 Staves
 + Level 3.9 Armour
 + Level 4.7 Shields


You had 3 spell levels left.
You didn't know any spells.
Your spell library contained the following spells:

 Spells                   Type           Power      Damage    Failure   Level
 Lesser Beckoning         Tloc           0%         N/A       91%         2
 Momentum Strike          Conj/Tloc      0%         3d8       91%         2
 Blink                    Tloc           Unusable   N/A       N/A         2

Dungeon Overview and Level Annotations

Branches:
Dungeon (3/15)

Altars:
Elyvilon
Uskayaw


Innate Abilities, Weirdness & Mutations

You cannot be hasted, slowed, berserked, paralysed or teleported.
You can dig through walls and to a lower floor.
You have a pair of large antennae on your head. (SInv)
Your four strong arms can wield two-handed weapons with a shield.


Message History

You kill the kobold!
You feel sick.
You feel sick.
Things that are here:
a +1 dagger of draining; 2 poisoned darts; a kobold corpse You feel sick.
You feel sick.
You feel sick.
You feel sick.
You are no longer poisoned.
A gnoll comes into view. It is wielding a +0 flail.
A gnoll is nearby!
The gnoll shouts!
You hear a shout!
You hear an angry hiss.
A gnoll comes into view. It is wielding a +0 flail.
A gnoll comes into view. It is wielding a +0 halberd.
The gnoll shouts!
You hit the gnoll.
The gnoll is moderately wounded.
The gnoll hits you but does no damage.
You closely miss the gnoll.
The gnoll is moderately wounded.
The gnoll hits you with a +0 flail! The gnoll closely misses you.
You hit the gnoll.
The gnoll is severely wounded.
The gnoll completely misses you.
You completely miss the gnoll.
The gnoll is severely wounded.
The gnoll misses you. The gnoll hits you with a +0 flail!
The gnoll barely misses you. The gnoll completely misses you.
The gnoll hits you with a +0 flail.
You hit the gnoll.
You kill the gnoll!
The gnoll hits you with a +0 flail. The gnoll barely misses you.
Your life force feels restored.
The gnoll attacks as it pursues you! The gnoll hits you with a +0 flail!
* * * LOW HITPOINT WARNING * * *
The gnoll attacks as it pursues you! The gnoll barely misses you.
The gnoll closely misses you.
The gnoll hits you from afar with a +0 halberd!
You die...

#.....# ###.........
#.....#####........... .#.
#...........#.........
....#..)........#.........
#..............#.........
#..#......)$...#.........
......gg.#+###.#.........
#..#.....# #.#......... #.
#....@#.###.#.....†).. #
#####.#.....>.........
#.#..~..#.........
#.#.~⌠~.#.........
#.#.~~............
#.#...............
#.##..............
#.##..............
.....#.........


You could see 2 gnolls.

Vanquished Creatures
  Jessica (D:2)
  A gnoll (D:3)
  An adder (D:2)
  A worm (D:2)
  3 endoplasms
  4 giant cockroaches (D:1)
  3 goblins
  8 hobgoblins
  2 jackals (D:2)
  2 quokkas
  3 ball pythons
  A bat (D:1)
  3 frilled lizards
  8 kobolds
  3 rats (D:1)
44 creatures vanquished.

Notes
Turn   | Place    | Note
-------+----------+-------------------------------------------
     0 | D:1      | Ivernyr the Formicid Fighter began the quest for the Orb.
     0 | D:1      | Reached XP level 1. HP: 18/18 MP: 1/1
   121 | D:1      | Reached XP level 2. HP: 10/24 MP: 2/2
   960 | D:2      | Reached XP level 3. HP: 22/29 MP: 3/3
  1030 | D:2      | Noticed Jessica
  1032 | D:2      | Identified the +0 leather armour of Inaction {Harm}
  1048 | D:2      | Killed Jessica
  1049 | D:2      | Reached XP level 4. HP: 12/37 MP: 4/4
  1752 | D:3      | Found a faded altar of an unknown god.
  1795 | D:3      | Found a hide-covered altar of Uskayaw.
  1862 | D:3      | Found a white marble altar of Elyvilon.
  1960 | D:3      | Slain by a gnoll

Illustrated notes

Levels and vault maps discovered:
D:1:      lightli_arrival_farm, layout_basic
D:2:      layout_basic, minmay_domino_4, uniq_jessica
D:3:      layout_basic, trog_wizard, elyvilon_altar_5, lemuel_round_altar,
          hellmonk_ecumenical_altar_lost_god, palyth_stone_intersect,
          corexii_leaking_fountain, grunt_ministairs_9,
          nicolae_figureground_pulse

Skill      XL: |  1  2  3  4 |
---------------+-------------+-----
Staves         | 3 |  3.3
Fighting       | |  3.9
Armour         | |  3.9
Shields        | |  4.7

Action                     |  1- 3 |  4- 6 || total
---------------------------+-------+-------++-------
  Melee: Quarterstaff      |    54 |    77 ||   131
 Armour: Scale mail        |    52 |    48 ||   100
  Dodge: Dodged            |    16 |    40 ||    56
  Block: Buckler           |    17 |    23 ||    40

Table legend: (Time is in decaauts)
 A = Elapsed time spent in this place.
 B = Non-inter-level travel time spent in this place.
 C = Inter-level travel time spent in this place.
 D = Time resting spent in this place.
 E = Time spent auto-exploring this place.
 F = Levels seen in this place.
 G = Mean time per level.
                   A        B        C        D        E       F      G
               +--------+--------+--------+--------+--------+-----+--------+
         Total |   2007 |   1988 |     19 |      0 |   1603 |   3 |  669.0 |
       Dungeon |   2007 |   1988 |     19 |      0 |   1603 |   3 |  669.0 |
               +--------+--------+--------+--------+--------+-----+--------+

Top non-repeatable levels by time:
     D:1: 934 daAuts
     D:2: 713 daAuts
     D:3: 358 daAuts
